 Dungeon Crawl Stone Soup version 0.22-a0-469-gf26638a (webtiles) character file.

20820 Amnesiac the Fighter (level 12, -10/67 HPs)
             Began as a Vine Stalker Berserker on June 11, 2018.
             Was a High Priest of Trog.
             Mangled by a skeletal warrior
             ... wielding a +0 dire flail
             ... led by a skeletal warrior
              (15 damage)
             ... on level 14 of the Dungeon.
             The game lasted 00:23:51 (11020 turns).

Amnesiac the Fighter (Vine Stalker Berserker)      Turns: 11020, Time: 00:23:52

Health: -10/67     AC: 17    Str: 24    XL:     12   Next: 83%
Magic:  0/13       EV: 15    Int:  7    God:    Trog [*****.]
Gold:   851        SH: 12    Dex: 15    Spells: 11/11 levels left

rFire    . . .     SeeInvis .   N - +2 dagger (drain)
rCold    + . .     Gourm    .   F - +0 shield
rNeg     . . .     Faith    +   H - +3 chain mail
rPois    .         Spirit   +   o - +0 helmet
rElec    .         Reflect  .   x - +0 cloak
rCorr    .         Harm     .   e - +0 pair of gloves
MR       +....                  (no boots)
Stlth    ..........             I - amulet of faith
HPRegen  1.01/turn              k - +3 ring of evasion
MPRegen  0.13/turn              E - ring of protection from cold

@: berserk cooldown, slowed, very slow
A: fangs 3, regeneration 2, magic shield, antimagic bite, no potion heal 3, rot
immunity
a: Berserk, Trog's Hand, Brothers in Arms, Renounce Religion


You were on level 14 of the Dungeon.
You worshipped Trog.
Trog was extremely pleased with you.
You were hungry.

You visited 2 branches of the dungeon, and saw 13 of its levels.

You collected 851 gold pieces.

Inventory:

Hand Weapons
 N - a +2 dagger of draining (weapon)
Missiles
 j - 2 javelins of penetration (quivered)
Armour
 e - a +0 pair of gloves (worn)
 o - a +0 helmet (worn)
 q - a +0 robe of cold resistance
 x - a +0 cloak (worn)
 F - a +0 shield (worn)
 H - a +3 chain mail (worn)
Jewellery
 k - a +3 ring of evasion (left hand)
 w - an uncursed ring of resist corrosion
 E - a ring of protection from cold (right hand)
 I - an amulet of faith (around neck)
 J - an uncursed ring of ice {unknown}
Wands
 r - a wand of flame (57)
 s - a wand of random effects (33)
 v - a wand of acid (6)
Scrolls
 a - 5 scrolls of enchant weapon {!r, unknown}
 f - 6 scrolls of teleportation {!r, unknown}
 g - 2 scrolls of amnesia {!r, unknown}
 h - 8 scrolls of remove curse {!r}
 i - 2 scrolls of random uselessness {!r, unknown}
 u - 5 scrolls of magic mapping {!r, unknown}
 y - 2 scrolls of blinking {!r, unknown}
 z - 2 scrolls of holy word {!r, unknown}
 B - a scroll of noise {!r, unknown}
 C - 2 scrolls of enchant armour {!r}
 L - a scroll of immolation {!r}
Potions
 b - 2 potions of flight {!q}
 d - 6 potions of curing {!q, unknown}
 l - a potion of haste {!q}
 m - 4 potions of heal wounds {!q, unknown}
 t - 4 potions of brilliance {!q}
 D - a potion of mutation {!q}
 G - 3 potions of invisibility {!q}
 K - a potion of agility {!q}
 M - a potion of might {!q}
Comestibles
 c - 26 rations
 n - 10 chunks of flesh


   Skills:
 + Level 9.8 Fighting
 - Level 8.1 Short Blades
 * Level 7.7 Armour
 * Level 7.7 Dodging
 + Level 9.8 Shields


You had 11 spell levels left.
You didn't know any spells.
Your spell library contained the following spells:

 Spells                   Type           Power        Failure   Level  Hunger
 Spider Form              Tmut/Pois      #.........   100%        3    ####...
 Blade Hands              Tmut           #.........   100%        5    ######.
 Ice Form                 Ice/Tmut       #.......     100%        4    #####..
 Sticks to Snakes         Tmut           #.......     100%        2    ###....
 Beastly Appendage        Tmut           #.....       99%         1    ##.....


Dungeon Overview and Level Annotations

Branches:
Dungeon (11/15)            Temple (1/1) D:7            Lair (0/6) D:10
    Orc: D:9-12

Altars:
Ashenzari
Cheibriados
Dithmenos
Elyvilon
Fedhas
Gozag
Hepliaklqana
Kikubaaqudgha
Makhleb
Nemelex Xobeh
Okawaru
Qazlal
Ru
Sif Muna
Trog
Uskayaw
Vehumet
Wu Jian
Xom
Yredelemnul
Zin
The Shining One

Shops:
D:8 (

Portals:
Trove: D:11 (give 2 scrolls of acquirement)


Innate Abilities, Weirdness & Mutations

You have razor-sharp teeth.
You heal very quickly.
When hurt, damage is shared between your health and your magic reserves.
Your bite disrupts and absorbs the magic of your enemies.
Potions cannot restore your health.
You are immune to rotting.


Message History

The skeletal warrior is heavily damaged.
The skeletal warrior hits you with a dire flail!!
* * * LOW HITPOINT WARNING * * *
You hit the skeletal warrior.
The skeletal warrior is heavily damaged.
The skeletal warrior misses you.
You completely miss the skeletal warrior.
You bite the skeletal warrior. You drain its power.
You feel invigorated.
The skeletal warrior is heavily damaged.
You block the skeletal warrior's attack.
You hit the skeletal warrior but do no damage.
You bite the skeletal warrior! You drain its power.
The skeletal warrior is severely damaged.
You block the skeletal warrior's attack.
You closely miss the skeletal warrior.
You bite the skeletal warrior, but do no damage.
The skeletal warrior is severely damaged.
The skeletal warrior hits you but does no damage.
Your chain mail prevents you from hitting the skeletal warrior.
You bite the skeletal warrior. You drain its power.
The skeletal warrior is severely damaged.
You block the skeletal warrior's attack.
You hit the skeletal warrior.
You bite the skeletal warrior, but do no damage.
The skeletal warrior is severely damaged.
The skeletal warrior hits you with a dire flail!!
* * * LOW HITPOINT WARNING * * *
You hit the skeletal warrior but do no damage.
The skeletal warrior is severely damaged.
You closely miss the skeletal warrior.
The skeletal warrior is severely damaged.
You block the skeletal warrior's attack.
You hit the skeletal warrior but do no damage.
You bite the skeletal warrior. You drain its power.
You feel invigorated.
The skeletal warrior is severely damaged.
The skeletal warrior misses you.
You closely miss the skeletal warrior.
The skeletal warrior is severely damaged.
The skeletal warrior hits you with a dire flail!
* * * LOW HITPOINT WARNING * * *
You puncture the skeletal warrior!
You bite the skeletal warrior, but do no damage.
The skeletal warrior is almost destroyed.
The skeletal warrior completely misses you.
Your shield prevents you from hitting the skeletal warrior.
The skeletal warrior is almost destroyed.
You block the skeletal warrior's attack.
You hit the skeletal warrior but do no damage.
You bite the skeletal warrior, but do no damage.
The skeletal warrior is almost destroyed.
The skeletal warrior hits you with a dire flail!
* * * LOW HITPOINT WARNING * * *
Your chain mail prevents you from hitting the skeletal warrior.
The skeletal warrior is almost destroyed.
You barely miss the skeletal warrior. You bite the skeletal warrior.
You drain its power.
You feel invigorated.
The skeletal warrior is almost destroyed.
The skeletal warrior hits you with a dire flail!
* * * LOW HITPOINT WARNING * * *
You hit the skeletal warrior but do no damage.
You bite the skeletal warrior, but do no damage.
The skeletal warrior is almost destroyed.
The skeletal warrior hits you with a dire flail!
You die...

#####≈.#......#.# ......≈..
...##.# .≈[≈.≈..##..#...
.....≈.#...#.#
################≈..#.#...#
##.....#.................########
#.............##.................
...............##................
................@z...............
>..............##...<............
...............#.................
...............#.................
...............#........#........
#.............##...####.#........
##...<.#)....###...........######
#######.##### #.......>...# #(#
#..#.........#


You could see a skeletal warrior.

Vanquished Creatures
  A vault guard (D:11)
  The ghost of Paulus the Martial Artist, a journeyman OpFi (D:10)
  2 two-headed ogres
  A centaur warrior (D:14)
  3 skeletal warriors (D:14)
  2 unseen horrors (D:14)
  Pikel (D:4)
  An obsidian statue (D:11)
  3 manticores
  The ghost of Soeti the Insei, a novice OpTm (D:7)
  An ice statue (D:11)
  2 kobold demonologists (D:14)
  The ghost of Avalon the Caller, a novice DEWz (D:5)
  4 hippogriffs
  Sigmund (D:3)
  4 hogs (D:10)
  A vampire (D:14)
  14 yaks
  A human (D:10)
  A steam dragon (D:9)
  A hungry ghost (D:10)
  4 wargs
  9 orc warriors
  An eye of draining (D:9)
  4 ice beasts
  3 slaves (D:4)
  A necrophage (D:10)
  2 black bears
  4 phantoms
  2 sky beasts
  7 ogres
  2 centaurs
  A crocodile (D:11)
  9 bullfrogs
  5 scorpions
  12 wights
  8 killer bees
  A howler monkey (D:5)
  4 crimson imps
  A quasit (D:9)
  2 centaur zombies
  4 jellies
  8 orc priests
  A centaur skeleton (D:7)
  6 hounds
  A bullfrog skeleton (D:8)
  2 iguanas
  14 orc wizards
  8 worker ants
  A killer bee zombie (D:9)
  A hound skeleton (D:5)
  2 worker ant zombies (D:8)
  Robin (D:4)
  18 adders
  5 shadow imps
  3 oozes
  An adder skeleton (D:5)
  2 worms
  A dart slug (D:2)
  5 leopard geckos
  40 orcs
  8 bats
  3 giant cockroaches
  23 goblins
  12 hobgoblins
  22 jackals
  3 quokkas
  8 frilled lizards
  11 kobolds
  A leopard gecko skeleton (D:8)
  A quokka skeleton (D:9)
  9 rats
354 creatures vanquished.

Vanquished Creatures (others)
  An unseen horror (D:14)
  A worm (D:4)
2 creatures vanquished.

Grand Total: 356 creatures vanquished

Notes
Turn   | Place    | Note
-------+----------+-------------------------------------------
     0 | D:1      | Amnesiac the Vine Stalker Berserker began the quest for the Orb.
     0 | D:1      | Reached XP level 1. HP: 11/11 MP: 2/2
   239 | D:1      | Reached XP level 2. HP: 7/16 MP: 1/3
   679 | D:1      | Reached XP level 3. HP: 17/19 MP: 4/4
   932 | D:1      | Reached ** piety under Trog
  1636 | D:2      | Found a shattered altar of Ashenzari.
  1734 | D:2      | HP: 1/28 [hound (4)]
  1735 | D:2      | Gained mutation: Your natural rate of healing is unusually fast. [Vine Stalker growth]
  1735 | D:2      | Reached XP level 4. HP: 1/23 MP: 1/5
  2095 | D:2      | Reached XP level 5. HP: 28/28 MP: 6/6
  2281 | D:3      | Noticed Sigmund
  2301 | D:3      | Killed Sigmund
  2301 | D:3      | Reached XP level 6. HP: 35/35 MP: 5/7
  2463 | D:3      | Reached *** piety under Trog
  2481 | D:3      | Reached skill level 5 in Fighting
  2820 | D:4      | Noticed Robin
  2855 | D:4      | Killed Robin
  2855 | D:4      | Reached **** piety under Trog
  2968 | D:4      | Reached XP level 7. HP: 36/39 MP: 8/8
  3002 | D:4      | Noticed Pikel
  3135 | D:4      | Killed Pikel
  3135 | D:4      | Gained mutation: You have razor-sharp teeth. [Vine Stalker growth]
  3135 | D:4      | Reached XP level 8. HP: 47/47 MP: 7/9
  3394 | D:4      | Reached skill level 5 in Short Blades
  3642 | D:5      | Entered Level 5 of the Dungeon
  4205 | D:5      | Noticed Avalon's ghost (novice DEWz)
  4272 | D:5      | Killed Avalon's ghost
  4272 | D:5      | Reached XP level 9. HP: 51/51 MP: 10/10
  5267 | D:7      | Found a hide-covered altar of Uskayaw.
  5577 | D:7      | Found a staircase to the Ecumenical Temple.
  5594 | Temple   | Entered the Ecumenical Temple
  5753 | D:7      | Reached ***** piety under Trog
  5782 | D:7      | Noticed Soeti's ghost (novice OpTm)
  5833 | D:7      | Killed Soeti's ghost
  5833 | D:7      | Reached XP level 10. HP: 58/58 MP: 11/11
  6790 | D:8      | Noticed a two-headed ogre
  6802 | D:8      | Killed a two-headed ogre
  6802 | D:8      | Reached skill level 5 in Armour
  6802 | D:8      | Reached skill level 5 in Dodging
  6881 | D:8      | Received a gift from Trog
  7057 | D:8      | Found Woimipp's Weapon Emporium.
  7464 | D:9      | Reached skill level 1 in Shields
  7730 | D:9      | Received a gift from Trog
  7792 | D:9      | Reached skill level 5 in Shields
  7803 | D:9      | Reached XP level 11. HP: 51/62 MP: 10/12
  8318 | D:9      | Noticed a two-headed ogre
  8329 | D:9      | Killed a two-headed ogre
  8514 | D:10     | Entered Level 10 of the Dungeon
  8670 | D:10     | Noticed Paulus's ghost (journeyman OpFi)
  8686 | D:10     | Killed Paulus's ghost
  9519 | D:10     | Found a staircase to the Lair.
  9667 | D:11     | Noticed a manticore
  9677 | D:11     | Killed a manticore
  9753 | D:11     | Received a gift from Trog
  9769 | D:11     | Noticed an obsidian statue
  9912 | D:11     | Noticed a vault guard
  9932 | D:11     | Killed a vault guard
  9932 | D:11     | Gained mutation: You heal very quickly. [Vine Stalker growth]
  9932 | D:11     | Reached XP level 12. HP: 66/66 MP: 11/13
  9945 | D:11     | Found a portal to a secret trove of treasure.
 10082 | D:11     | Noticed a soul eater
 10653 | D:11     | You fall through a shaft for 3 floors!
 10703 | D:14     | Noticed a sun demon
 10767 | D:14     | Noticed a centaur warrior
 10781 | D:14     | Killed a centaur warrior
 11020 | D:14     | Mangled by a skeletal warrior

Vault maps used:
D:1:      dpeg_arrival_rooms_c, minmay_hexomino_u4
D:2:      serial_forest, infiniplex_forest_lined_ring,
          infiniplex_forest_straight_4, infiniplex_forest_clump_curved,
          infiniplex_forest_clump_C, infiniplex_forest_zigzag_1,
          infiniplex_forest_lined_3_way, infiniplex_forest_clump_diagonal,
          nicolae_ashenzari_panopticon
D:3:      uniq_sigmund
D:4:      first_ration, kennysheep_generic_room_14, uniq_pikel, uniq_robin
D:5:      hangedman_abyss_or_decor_jellyfish_corner, grunt_ministairs_8
D:7:      eat_drink_and_be_merry_uskayaw, minmay_temple_entry_hall
D:8:      serial_shops, kennysheep_mini_moat
D:10:     lair_entry_dummy, grunt_livestock, nooodl_orcs_dogs
D:11:     minmay_separated_statues, enter_trove_5
D:14:     david_vaults_2, nicolae_ru_path_of_blood
Temple:   kilobyte_greek_temple

Skill      XL: |  1  2  3  4  5  6  7  8  9 10 11 12 |
---------------+-------------------------------------+-----
Short Blades   | 3 4 7 8 |  8.1
Fighting       | 3 4 5 8 9 |  9.8
Armour         | 3 5 6 7 |  7.7
Dodging        | 3 5 6 7 |  7.7
Shields        | 5 9 |  9.8

Action                   |  1- 3 |  4- 6 |  7- 9 | 10-12 || total
-------------------------+-------+-------+-------+-------++-------
Melee: Dagger            |   122 |   169 |   323 |  1191 ||  1805
       Bite              |    35 |    57 |   137 |   544 ||   773
       Short sword       |     6 |       |       |       ||     6
       Rapier            |       |       |       |     9 ||     9
Invok: Berserk           |     3 |     3 |     9 |    16 ||    31
Evoke: Wand              |       |       |       |     2 ||     2
  Use: Scroll            |       |       |       |    10 ||    10
 Stab: Sleeping          |     2 |     2 |       |       ||     4
  Eat: Chunk             |     4 |     8 |    16 |    30 ||    58
       Ration            |       |       |       |     1 ||     1
Armor: Animal skin       |    17 |     3 |       |       ||    20
       Robe              |       |    28 |    24 |       ||    52
       Chain mail        |       |       |    27 |   276 ||   303
Dodge: Dodged            |    84 |   120 |   110 |   371 ||   685
Block: Shield            |       |       |       |   411 ||   411

Table legend:
 A = Spawn XP
 B = Non-spawn XP
 C = Spawn XP percentage of total XP
 D = Spawn monster count
 E = Non-spawn monster count
 F = Spawn count percentage of total count
 G = Total turns spent on level
                    A         B        C        D         E        F      G
               +---------+---------+-------+---------+---------+-------+---------
         Total |       0 |   29743 |   0.0 |       0 |     352 |   0.0 | 11020
               +---------+---------+-------+---------+---------+-------+---------
           D:1 |       0 |      49 |   0.0 |       0 |      29 |   0.0 |  1407
           D:2 |       0 |     117 |   0.0 |       0 |      29 |   0.0 |   832
           D:3 |       0 |     374 |   0.0 |       0 |      34 |   0.0 |   560
           D:4 |       0 |    1155 |   0.0 |       0 |      26 |   0.0 |   843
           D:5 |       0 |     783 |   0.0 |       0 |      19 |   0.0 |   807
           D:6 |       0 |     682 |   0.0 |       0 |      13 |   0.0 |   867
           D:7 |       0 |    1774 |   0.0 |       0 |      29 |   0.0 |  1060
           D:8 |       0 |    2186 |   0.0 |       0 |      26 |   0.0 |   935
           D:9 |       0 |    5380 |   0.0 |       0 |      52 |   0.0 |  1326
          D:10 |       0 |    4240 |   0.0 |       0 |      36 |   0.0 |   875
          D:11 |       0 |    5956 |   0.0 |       0 |      41 |   0.0 |  1065
          D:14 |       0 |    7047 |   0.0 |       0 |      18 |   0.0 |   367
               +---------+---------+-------+---------+---------+-------+---------
